AoeStats
← Action Cat

Arabia

510203939Analyzed
1v1 RM · 2d ago on Sep 29, 2026· 24m 34s· 2 players
Game mode
Random Map
Map size
Tiny (2 player)
Population
200
Speed
Normal
Resources
Standard
Victory
Conquest
Starting age
Dark Age
Ending age
Imperial Age
RankedLock teamsTeams togetherTeam positionsShared explorationLock speedFull tech treeHidden civsTurbo modeCheats
Victory
Defeat
🇨🇦 Celts · Canada
1043
+17
🇺🇸 Japanese · United States
1064
-17
Piktogram
7:07 Loom
10:32 Feudal Age
12:41 Horse Collar
13:08 Double-Bit Axe
20:39 Castle Age
20:07 Scale Barding Armor
20:13 Forging
Action Cat
5:11 Loom
9:34 Feudal Age
10:21 Double-Bit Axe
17:51 Horse Collar
22:14 Castle Age
21:52 Wheelbarrow
21:52 Forging
21:44 Scale Mail Armor
21:42 Man-at-Arms
Connection lost

Rejoining the realm…

Still unreachable

The connection could not be restored.

Session expired

The server has moved on; the page needs a fresh start.